 Dungeon Crawl Stone Soup version 0.21-a0-113-g6841d05 (webtiles) character file.

63312 Ijustatesigmund the Grappler (level 14, -11/144 HPs)
             Began as a Troll Monk on July 12, 2017.
             Was a High Priest of Cheibriados.
             Mangled by an orc knight
             ... wielding a +0 glaive
              (43 damage)
             ... on level 2 of the Orcish Mines.
             The game lasted 01:06:26 (16018 turns).

Ijustatesigmund the Grappler (Troll Monk)          Turns: 16018, Time: 01:06:26

Health: -11/144    AC: 15    Str: 34    XL:     14   Next: 67%
Magic:  6/20       EV: 17    Int: 18    God:    Cheibriados [*****.]
Gold:   1701       SH: 16    Dex: 30    Spells: 5/13 levels left

rFire    + . .     SeeInvis .     - Unarmed
rCold    + . .     Gourm    +   Z - +2 shield
rNeg     . . .     Faith    .   a - +1 robe of Onudesy {Regen+ Dex+4}
rPois    .         Spirit   .   (helmet restricted)
rElec    .         Reflect  .   A - +2 cloak {rF+}
rCorr    .         Harm     .   (gloves unavailable)
MR       +....                  (boots unavailable)
Stlth    +++.......             (no amulet)
HPRegen  1.14/turn              q - +4 ring of protection
MPRegen  0.17/turn              W - ring of protection from cold

@: very slow
A: unfitting armour, claws 3, icy blue scales 1, clumsy 1, fast metabolism 3,
gourmand, regeneration 1, shaggy fur 1, tough skin 2
a: Bend Time, Temporal Distortion, Slouch, Step From Time, Renounce Religion


You were on level 2 of the Orcish Mines.
You worshipped Cheibriados.
Cheibriados was extremely pleased with you.
You were very full.

You visited 4 branches of the dungeon, and saw 21 of its levels.
You also visited: Ossuary and Volcano.

You collected 1771 gold pieces.
You spent 70 gold pieces at shops.

Inventory:

Hand Weapons
 Q - a +1 scimitar of flaming
Missiles
 P - 6 large rocks (quivered)
Armour
 a - the +1 robe of Onudesy (worn) {Regen+ Dex+4}
   (You found it on level 9 of the Dungeon)

   It affects your dexterity (+4).
   It increases your rate of regeneration.
 d - a +2 robe of fire resistance
 A - a +2 cloak of fire resistance (worn)
 U - the +0 robe of Eternity {rPois}
   (You found it on level 3 of the Lair of Beasts)

   It protects you from poison.
 Z - a +2 shield (worn)
Jewellery
 q - a +4 ring of protection (left claw)
 W - a ring of protection from cold (right claw)
Wands
 j - a wand of polymorph (5/24)
 k - a wand of paralysis (14/24)
 m - a wand of flame (27/48)
 x - a wand of confusion (15/48)
 y - a wand of polymorph (0/24)
 J - a wand of iceblast (5/15)
 L - a wand of scattershot (0/9)
 M - a wand of scattershot (4/9)
Scrolls
 i - 10 scrolls of remove curse
 l - a scroll of amnesia
 n - 3 scrolls of blinking
 r - 3 scrolls of recharging
 u - a scroll of enchant weapon
 w - 2 scrolls of immolation
 G - a scroll of fear
 H - 2 scrolls of magic mapping
 V - a scroll of holy word
Potions
 e - 6 potions of curing
 g - 6 potions of magic
 h - a potion of cancellation
 o - a potion of resistance
 B - a potion of ambrosia
 D - 2 potions of brilliance
 K - 3 potions of lignification
 O - a potion of flight
Miscellaneous
 R - a lightning rod (inert)
Comestibles
 b - 11 bread rations
 c - 10 meat rations
 z - 13 fruits
 N - 6 royal jellies


   Skills:
 - Level 10.7 Fighting
 - Level 4.5 Long Blades
 - Level 1.5 Throwing
 - Level 7.3 Dodging
 - Level 1.0 Stealth
 - Level 8.0 Shields
 + Level 14.0 Unarmed Combat
 - Level 3.4 Summonings
 - Level 3.0 Translocations
 + Level 10.0 Invocations


You had 5 spell levels left.
You knew the following spells:

 Your Spells              Type           Power        Failure   Level  Hunger
a - Magic Dart            Conj           #...         26%         1    ##.....
b - Summon Butterflies    Summ           ##......     6%          1    ##.....
c - Blink                 Tloc           N/A          12%         2    ###....
d - Lesser Beckoning      Tloc           ##........   22%         3    ####...
e - Apportation           Tloc           ##....       8%          1    ##.....


Dungeon Overview and Level Annotations

Branches:
Dungeon (12/15)            Temple (1/1) D:7            Lair (6/6) D:8
  Swamp (0/4) Lair:2        Snake (0/4) Lair:3        Slime (0/5) Lair:6
    Orc (2/2) D:9             Elf (0/3) Orc:2

Altars:
Ashenzari
Cheibriados
Dithmenos
Elyvilon
Fedhas
Gozag
Hepliaklqana
Kikubaaqudgha
Makhleb
Nemelex Xobeh
Okawaru
Qazlal
Ru
Sif Muna
Trog
Uskayaw
Vehumet
Wu Jian
Xom
Yredelemnul
Zin
The Shining One
Beogh
Jiyva

Shops:
D:5 !   D:9 (

Annotations:
Lair:1 exclusion: 2 oklob plants


Innate Abilities, Weirdness & Mutations

You are too large for most types of armour.
You have claws for hands.
Your metabolism is lightning-fast.
You like to eat raw meat.
Your natural rate of healing is unusually fast.
You are covered in fur. (AC +1)
You have very tough skin. (AC +2)
You are partially covered in icy blue scales. (AC +2)
You are clumsy. (Dex -2)


Message History

Press: ? - help, Shift-Dir - straight line, f/p - orc knight
Aim: an orc knight, wielding a glaive and wearing a chain mail (severely wounded, unusually strong)
The burst of metal fragments hits the orc warrior.
The burst of metal fragments hits the orc knight. x2
The burst of metal fragments hits the orc warrior.
The orc knight is severely wounded.
The orc warrior is severely wounded.
This wand has 1 charge left.
You block the orc knight's attack.
Evoke which item? (* to show all) (? for menu, Esc to quit)
Aiming: Scattershot
Press: ? - help, Shift-Dir - straight line, f/p - orc knight
Aim: an orc knight, wielding a glaive and wearing a chain mail (severely wounded, unusually strong)
The burst of metal fragments hits the orc knight. x4
The orc knight is severely wounded.
This wand has 0 charges left.
You block the orc knight's attack.
The orc high priest invokes the aid of Beogh against you.
Beogh smites you!
* * * LOW HITPOINT WARNING * * *
You block the orc warrior's attack.
The orc knight hits you with a glaive!!!
You die...

.......# .......# ...oo.)
......## ....... .......#
...o... .......# .......
.......# ).).... .......#
†)))...
.......############o)...##
................@oo4).§...
................ooo..)....
..................).))....
..........................
..........................
........................o.
..........................
..........................
..........................


You could see an orc warlord, 2 orc knights, 2 orc high priests, an orange demon
and an orc warrior.

Vanquished Creatures
  An orc warlord (Orc:2)
  The ghost of TotoDurand the Victor of a Thousand Battles, a journeyman DsGl of Okawaru (Orc:1)
  An ettin (Orc:2)
  Erolcha (Orc:1)
  Fannar (Orc:1)
  3 hydras
  Erica (D:11)
  A dancing weapon (Volcano)
  2 death yaks (Lair:3)
  An orc high priest (Orc:1)
  2 two-headed ogres (D:11)
  Urug (Lair:4)
  Nergalle (D:10)
  5 wizards (Volcano)
  2 orc knights (Orc:2)
  5 orc sorcerers (Orc:2)
  The ghost of B1inky the Carver, a novice BaMo (D:4)
  2 oklob plants
  3 cyclopes
  7 elephants
  Maurice (D:10)
  5 toenail golems (Volcano)
  5 black mambas
  A torpor snail (Lair:3)
  2 centaur skeletons
  17 spiny frogs
  A rime drake (Lair:6)
  6 komodo dragons
  A merfolk (D:11)
  4 trolls
  A polar bear (Lair:6)
  5 tyrant leeches (Lair:6)
  A bog body (Lair:2)
  12 hippogriffs
  The ghost of Gruesome the Insei, an amateur OpMo (D:5)
  17 blink frogs
  11 dream sheep
  A wraith (D:11)
  A fire elemental (Lair:1)
  6 fire bats
  27 yaks
  3 basilisks
  6 vampire mosquitoes (Lair:6)
  Grum (D:8)
  A hungry ghost (D:10)
  2 wargs
  11 water moccasins
  7 porcupines
  31 orc warriors
  2 sky beasts
  A black bear (D:4)
  An ice beast (D:10)
  3 phantoms
  2 eyes of draining (D:11)
  9 ogres
  8 wolves
  2 centaurs
  12 crocodiles
  22 bullfrogs
  A gnoll sergeant (D:9)
  5 scorpions
  7 killer bees
  3 electric eels
  4 wights (D:11)
  5 howler monkeys
  7 crimson imps
  4 jellies
  5 centaur zombies
  A lava snake (Lair:1)
  8 hounds
  16 orc priests
  2 bullfrog skeletons
  24 orc wizards
  Jessica (D:2)
  3 iguanas
  Terence (D:2)
  4 worker ants
  A big kobold zombie (Ossuary)
  A hound skeleton (D:9)
  8 mummies (Ossuary)
  A howler monkey skeleton (D:5)
  6 gnolls
  14 adders
  2 river rats (D:4)
  2 shadow imps (D:7)
  2 oozes
  2 adder zombies
  An adder skeleton (D:5)
  7 worms
  6 leopard geckos
  79 orcs
  A ball python (D:4)
  7 bats
  8 giant cockroaches
  8 goblins
  7 hobgoblins
  4 jackals
  10 kobolds
  4 quokkas
  3 frilled lizards
  2 gnoll zombies (Ossuary)
  2 hobgoblin zombies (Ossuary)
  A jackal skeleton (D:5)
  2 kobold zombies (Ossuary)
  An orc zombie (Ossuary)
  A quokka skeleton (D:5)
  A quokka zombie (D:5)
  7 rats
  A fungus (Lair:5)
595 creatures vanquished.

Vanquished Creatures (collateral kills)
  An orc (D:7)
1 creature vanquished.

Vanquished Creatures (others)
  3 orcs
  A bush (Lair:6)
  15 fungi
  58 plants
77 creatures vanquished.

Grand Total: 673 creatures vanquished

Notes
Turn   | Place    | Note
-------+----------+-------------------------------------------
     0 | D:1      | Ijustatesigmund the Troll Monk began the quest for the Orb.
     0 | D:1      | Reached XP level 1. HP: 22/22 MP: 0/0
   182 | D:1      | Reached XP level 2. HP: 29/29 MP: 1/1
   262 | D:1      | Found a shattered altar of Ashenzari.
   414 | D:1      | You fall through a shaft!
   432 | D:2      | Reached skill level 4 in Unarmed Combat
   705 | D:1      | Reached XP level 3. HP: 31/36 MP: 2/2
   899 | D:2      | Noticed Terence
   910 | D:2      | Killed Terence
   930 | D:2      | Gained mutation: You are partially covered in icy blue scales. (AC +2) [potion of mutation]
   930 | D:2      | Gained mutation: Your spells are a little easier to cast, but a little less powerful. [potion of mutation]
   930 | D:2      | Gained mutation: You are clumsy. (Dex -2) [potion of mutation]
   930 | D:2      | Lost mutation: Your spells are a little easier to cast, but a little less powerful. [potion of mutation]
  1020 | D:2      | Reached skill level 5 in Unarmed Combat
  1020 | D:2      | Reached XP level 4. HP: 42/44 MP: 3/3
  1126 | D:2      | Noticed Jessica
  1130 | D:2      | Killed Jessica
  1148 | D:2      | Reached XP level 5. HP: 47/50 MP: 4/4
  1357 | D:2      | Learned a level 1 spell: Magic Dart
  1360 | D:2      | Learned a level 2 spell: Call Imp
  1475 | D:3      | Found a basalt altar of Yredelemnul.
  1533 | D:3      | Reached skill level 6 in Unarmed Combat
  1756 | D:3      | Found a glowing silver altar of Zin.
  1800 | D:3      | Found a deep blue altar of Sif Muna.
  1987 | D:4      | Noticed B1inky's ghost (novice BaMo)
  2010 | D:5      | Entered Level 5 of the Dungeon
  2060 | D:5      | Found Neocev's Distillery.
  2067 | D:5      | Noticed an ogre
  2073 | D:5      | Killed an ogre
  2073 | D:5      | Reached XP level 6. HP: 23/61 MP: 5/5
  2082 | D:5      | Bought a potion of heal wounds for 70 gold pieces
  2136 | D:5      | Noticed Gruesome's ghost (amateur OpMo)
  2233 | D:5      | Killed Gruesome's ghost
  2233 | D:5      | Reached skill level 7 in Unarmed Combat
  2233 | D:5      | Reached XP level 7. HP: 51/70 MP: 6/6
  2257 | D:5      | Found a sand-covered staircase.
  2324 | Ossuary  | Entered an ossuary
  2328 | Ossuary  | Learned a level 2 spell: Blink
  2781 | D:4      | Reached skill level 1 in Translocations
  2881 | D:4      | Killed B1inky's ghost
  2881 | D:4      | Reached skill level 5 in Fighting
  2881 | D:4      | Reached skill level 8 in Unarmed Combat
  2881 | D:4      | Reached XP level 8. HP: 41/80 MP: 7/7
  3027 | D:4      | Found a hazy altar of Hepliaklqana.
  3784 | D:6      | Reached skill level 9 in Unarmed Combat
  3851 | D:6      | Reached XP level 9. HP: 88/89 MP: 8/8
  4440 | D:7      | Found a runed door.
  4684 | D:7      | Found a staircase to the Ecumenical Temple.
  5121 | D:7      | Reached skill level 10 in Unarmed Combat
  5173 | D:7      | Found a roughly hewn altar of Beogh.
  5507 | D:8      | Noticed Grum
  5516 | D:8      | Killed Grum
  5552 | D:8      | Reached XP level 10. HP: 61/104 MP: 9/9
  5620 | D:8      | Found a staircase to the Lair.
  5738 | D:8      | Found a stormy altar of Qazlal.
  5740 | D:8      | Got a dazzling war axe
  5741 | D:8      | Identified the +2 war axe of Pandemonium {venom, rC+ MR+} (You found it on level 8 of the Dungeon)
  6237 | D:8      | Reached skill level 11 in Unarmed Combat
  6627 | Temple   | Entered the Ecumenical Temple
  6634 | Temple   | Became a worshipper of Cheibriados the Contemplative
  6634 | Temple   | Reached * piety under Cheibriados
  6634 | Temple   | Reached ** piety under Cheibriados
  6829 | D:9      | Got a thick robe
  6835 | D:9      | Identified the cursed +1 robe of Onudesy {Regen+ Dex+4} (You found it on level 9 of the Dungeon)
  6889 | D:9      | Found Una Guli's Weapon Shoppe.
  6896 | D:9      | Found a staircase to the Orcish Mines.
  6902 | D:9      | Reached skill level 1 in Invocations
  7173 | D:9      | Found a shimmering altar of Xom.
  7174 | D:9      | Found a shimmering altar of Xom.
  7174 | D:9      | Found a shimmering altar of Xom.
  7217 | D:9      | Found a radiant altar of Vehumet.
  7322 | D:10     | Entered Level 10 of the Dungeon
  7438 | D:10     | Noticed Maurice
  7446 | D:10     | Killed Maurice
  7532 | D:10     | Reached *** piety under Cheibriados
  7620 | D:10     | Noticed Nergalle
  7631 | D:10     | Killed Nergalle
  7897 | D:11     | Reached XP level 11. HP: 109/115 MP: 12/12
  8122 | D:11     | Reached **** piety under Cheibriados
  8146 | D:11     | Reached skill level 5 in Dodging
  8318 | D:11     | Noticed a two-headed ogre
  8323 | D:11     | Noticed Erica
  8327 | D:11     | Killed a two-headed ogre
  8327 | D:11     | Reached skill level 1 in Throwing
  8327 | D:11     | Reached skill level 12 in Unarmed Combat
  8331 | D:11     | Killed Erica
  8455 | D:11     | Reached skill level 1 in Long Blades
  8487 | D:11     | Noticed a two-headed ogre
  8493 | D:11     | Killed a two-headed ogre
  8960 | D:12     | Noticed a rakshasa
  9050 | Lair:1   | Entered Level 1 of the Lair of Beasts
  9307 | Lair:1   | Found a dark tunnel.
  9312 | Volcano  | Entered a volcano
  9321 | Volcano  | Noticed a wizard
  9332 | Volcano  | Killed a wizard
  9332 | Volcano  | Reached ***** piety under Cheibriados
  9388 | Volcano  | Noticed a wizard
  9393 | Volcano  | Reached skill level 5 in Invocations
  9401 | Volcano  | Killed a wizard
  9401 | Volcano  | Reached XP level 12. HP: 119/124 MP: 13/15
  9651 | Lair:1   | Learned a level 1 spell: Summon Butterflies
  9655 | Lair:1   | Learned a level 3 spell: Lesser Beckoning
 10144 | Lair:2   | Noticed an eight-headed hydra
 10161 | Lair:2   | Killed an eight-headed hydra
 10261 | Lair:2   | Noticed an eight-headed hydra
 10462 | Lair:2   | Found a staircase to the Swamp.
 10993 | Lair:3   | Found a staircase to the Snake Pit.
 11031 | Lair:3   | Noticed a four-headed hydra
 11042 | Lair:3   | Killed a one-headed hydra
 11117 | Lair:3   | Reached skill level 10 in Fighting
 11200 | Lair:3   | Got a distressingly furry robe
 11228 | Lair:2   | Identified the cursed +0 robe of Eternity {rPois} (You found it on level 3 of the Lair of Beasts)
 11282 | Lair:3   | Noticed a death yak
 11283 | Lair:3   | Noticed a death yak
 11286 | Lair:3   | Killed a death yak
 11296 | Lair:3   | Killed a death yak
 11296 | Lair:3   | Reached skill level 1 in Summonings
 11370 | Lair:3   | Reached XP level 13. HP: 133/133 MP: 18/18
 11773 | Lair:4   | Noticed Urug
 11779 | Lair:4   | Killed Urug
 11888 | Lair:4   | Reached ****** piety under Cheibriados
 12666 | Lair:5   | Reached skill level 13 in Unarmed Combat
 13248 | Lair:6   | Entered Level 6 of the Lair of Beasts
 13428 | Lair:6   | Reached skill level 1 in Shields
 13698 | Lair:6   | Found a viscous altar of Jiyva.
 13699 | Lair:6   | Found a staircase to the Slime Pits.
 13879 | Lair:6   | Reached skill level 5 in Shields
 13901 | Lair:6   | Identified the Handbook of Burning Slavery
 13933 | Lair:6   | Reached XP level 14. HP: 107/144 MP: 16/19
 14492 | Lair:1   | Learned a level 1 spell: Apportation
 14545 | Orc:1    | Entered Level 1 of the Orcish Mines
 14553 | Orc:1    | Noticed TotoDurand's ghost (journeyman DsGl)
 14862 | Orc:1    | Killed TotoDurand's ghost
 15057 | Orc:2    | Entered Level 2 of the Orcish Mines
 15057 | Orc:2    | Found a staircase to the Elven Halls.
 15243 | Orc:1    | Noticed an orc warlord
 15244 | Orc:1    | Noticed Fannar
 15267 | Orc:2    | HP: 6/144 [orc knight/long sword (29)]
 15394 | Orc:1    | Noticed Erolcha
 15410 | Orc:2    | Killed an orc warlord
 15567 | Orc:1    | Killed Fannar
 15581 | Orc:1    | Killed Erolcha
 15711 | Orc:1    | Found a roughly hewn altar of Beogh.
 16008 | Orc:2    | Reached skill level 14 in Unarmed Combat
 16010 | Orc:2    | Noticed an orc warlord
 16016 | Orc:2    | Reached skill level 10 in Invocations
 16018 | Orc:2    | Mangled by an orc knight

Vault maps used:
D:1:      lightli_arrival_windingriver, roderic_roman_lattice,
          nrook_mini_backslash, ashenzari_altar_1
D:2:      first_bread, kennysheep_generic_room_3, uniq_terence, uniq_jessica
D:3:      overflow_temple_1_default, lemuel_doored_altar, old_standard_altar,
          minmay_crystal_room
D:4:      lemuel_crystal_altar, lightli_sewer_entry_pipes
D:5:      nicolae_ossuary_entry_false_entrances, serial_shops, shop,
          interstate_on_off, grunt_ministairs_15
D:6:      eino_small_chamber_without_monster
D:7:      minmay_temple_entry_butterflies, lightli_church_of_beogh
D:8:      grunt_qazlal_sundering, lair_entry_dummy, uniq_grum
D:9:      kennysheep_little_box, xom_redecorated, orc_david_3
D:10:     uniq_maurice, uniq_nergalle
D:11:     hangedman_fish_farm, uniq_erica
D:12:     minmay_statue_hallways, nicolae_trove_entry_crystal, minmay_evil_grid
Temple:   nicolae_temple_no_exploring_needed
Lair:1:   enter_volcano_4, minmay_lair_oklob_chamber
Lair:2:   swamp_mist, serial_bayou_shore_b, grunt_megastairs_1
Lair:3:   dummy_snake_entry, serial_bayou_shore_b
Lair:4:   infiniplex_staircase_pool, lemuel_fruit_tree, uniq_urug
Lair:6:   minmay_lair_end_frog_pond, slime_altar_1, infiniplex_staircase_pool_2
Orc:1:    basic_altar, uniq_erolcha, uniq_fannar
Orc:2:    st_orc_congregation, basic_altar, uniq_azrael
Ossuary:  ossuary_tomb_3
Volcano:  volcano_bunker

Skill      XL: |  1  2  3  4  5  6  7  8  9 10 11 12 13 14 |
---------------+-------------------------------------------+-----
Unarmed Combat | 4 5 6 7 8 9 10 11 12 13 14 | 14.0
Fighting       | 3 4 5 6 8 9 10 | 10.7
Translocations | 2 3 |  3.0
Dodging        | 4 5 7 |  7.3
Invocations    | 3 5 8 9 10 | 10.0
Throwing       | 1 |  1.5
Long Blades    | 4 |  4.5
Summonings     | 1 3 |  3.4
Shields        | 5 8 |  8.0
Stealth        | |  1.0

Action                   |  1- 3 |  4- 6 |  7- 9 | 10-12 | 13-15 || total
-------------------------+-------+-------+-------+-------+-------++-------
Melee: Unarmed           |    77 |   145 |   362 |   493 |   544 ||  1621
       Punch             |       |     5 |     9 |    44 |    18 ||    76
       Flail             |       |       |       |     6 |       ||     6
       Scimitar          |       |       |       |     7 |    16 ||    23
Throw: Large rock        |       |       |       |     7 |    11 ||    18
 Cast: Blink             |       |       |       |       |     1 ||     1
       Lesser Beckoning  |       |       |       |       |     1 ||     1
Invok: Slouch            |       |       |       |       |    11 ||    11
Evoke: Wand              |       |     2 |     9 |     5 |    10 ||    26
       Lightning rod     |       |       |       |     1 |     3 ||     4
  Use: Scroll            |     6 |     7 |     7 |    16 |    13 ||    49
       Potion            |     1 |     2 |     5 |     9 |     6 ||    23
 Stab: Sleeping          |     4 |     3 |     5 |    15 |     5 ||    32
       Distracted        |       |       |       |     2 |     1 ||     3
  Eat: Chunk             |    15 |    10 |    24 |    47 |    33 ||   129
       Fruit             |       |       |       |     4 |       ||     4
Armor: Robe              |    30 |    45 |    94 |   167 |   139 ||   475
Dodge: Dodged            |    44 |    63 |   189 |   320 |   401 ||  1017
Block: Shield            |       |       |       |       |   403 ||   403
       Rpst.: Scimitar   |       |       |       |       |     1 ||     1
